 Dungeon Crawl Stone Soup version 0.27-b1-42-g19c61b19a5 (webtiles) character file.

Game seed: 15263157219471971175

81 pikapanic the Skirmisher (level 4, -3/38 HPs)
             Began as a Palentonga Fighter on July 29, 2021.
             Was a Follower of Zin.
             Slain by a steam dragon (5 damage)
             ... on level 3 of the Dungeon.
             The game lasted 00:05:28 (2159 turns).

pikapanic the Skirmisher (Palentonga Fighter)       Turns: 2159, Time: 00:05:30

Health: -3/38      AC:  7    Str: 21    XL:     4   Next: 20%
Magic:  4/4        EV:  3    Int:  8    God:    Zin [*.....]
Gold:   106        SH:  8    Dex:  9    Spells: 3/3 levels left

rFire    . . .     SeeInvis +   a - +1 long sword
rCold    . . .     Faith    .   c - +0 kite shield
rNeg     . . .     Spirit   .   f - +0 chain mail
rPois    .         Reflect  .   (no helmet)
rElec    .         Harm     .   (no cloak)
rCorr    .         Rampage  .   (no gloves)
Will     .....                  (no barding)
Stlth    ..........             (no amulet)
HPRegen  0.12/turn              (no ring)
MPRegen  0.09/turn              (no ring)

@: no status effects
A: large, rugged brown scales 3, see invisible, deformed body, roll 1, armoured
tail
a: Rolling Charge, Renounce Religion, Recite, Donate Gold


You were on level 3 of the Dungeon.
You worshipped Zin.
Zin was aware of your devotion.
You visited 1 branch of the dungeon, and saw 3 of its levels.

You collected 117 gold pieces.
You donated 11 gold pieces to Zin.

Inventory:

Hand Weapons
 a - a +1 long sword (weapon)
 h - a +3 dagger of venom
Armour
 b - a +0 scale mail
 c - a +0 kite shield (worn)
 f - a +0 chain mail (worn)
Scrolls
 g - a scroll of teleportation {unknown}
Potions
 d - a potion of might
 e - a potion of heal wounds
 i - a potion of lignification {unknown}
 j - a potion of attraction {unknown}


   Skills:
 + Level 3.6 Fighting
 + Level 3.4 Long Blades
 - Level 2.6 Armour
 - Level 2.7 Shields


You had 3 spell levels left.
You didn't know any spells.
Your spell library contained the following spells:

 Spells                   Type           Power      Damage    Failure   Level
 Animate Skeleton         Necr           0%         N/A       100%        1
 Pain                     Necr           0%         1d4       100%        1
 Vampiric Draining        Necr           0%         2d6       100%        3
 Summon Forest            Summ/Tloc      0%         N/A       100%        5
 Eringya's Noxious Bog    Tmut/Pois      0%         N/A       100%        6
 Summon Hydra             Summ           0%         N/A       100%        7


Dungeon Overview and Level Annotations

Branches:
Dungeon (3/15)

Altars:
Zin


Innate Abilities, Weirdness & Mutations

You are completely covered in rugged brown scales. (AC +3, +7% HP)
You have supernaturally acute eyesight. (SInv)
Armour fits poorly on your strangely shaped body.
You can roll at nearby foes to attack.
You have a long armoured tail.


Message History

There's nothing you can charge at!
Unknown command.
There's nothing you can charge at! There's nothing you can charge at!
You are engulfed in a cloud of scalding steam.
You are engulfed in a cloud of scalding steam.
A hobgoblin comes into view.
The steam dragon breathes steam at you. The ball of steam hits you.
* * * LOW HITPOINT WARNING * * *
A frilled lizard comes into view.
The frilled lizard hisses angrily.
You are too injured to fight recklessly!
Roll where?
Press: ? - help, Q - select action, (/) - cycle Dir - move target, f - steam dragon, p - bat
Aim: a steam dragon You roll forward with a clatter of scales!
You hit the steam dragon.
Your tail-slap misses the steam dragon.
The steam dragon is lightly wounded.
You block the steam dragon's attack. The steam dragon claws you.
* * * LOW HITPOINT WARNING * * *
You barely miss the steam dragon.
The steam dragon is lightly wounded.
The steam dragon bites you but does no damage.
The steam dragon claws you.
* * * LOW HITPOINT WARNING * * *
You block the steam dragon's attack.
The steam dragon claws you but does no damage.
You completely miss the steam dragon.
The steam dragon is lightly wounded.
You block the steam dragon's attack. x2
You barely miss the steam dragon.
The steam dragon is lightly wounded.
The steam dragon breathes steam at you.
The ball of steam hits you but does no damage.
The ball of steam hits the frilled lizard!
The frilled lizard dies!
The steam dragon bites you.
You die...

# #. #.########..
#........l..
#...§# ......#§#
..... #@# ####
#D# # #b######..#
#######g.§Db)§..#
........#####...#
g######.####
..... #.......#
.... #)#####.#
### ###.# #


You could see a steam dragon (catching breath), a hobgoblin and a bat.

Vanquished Creatures
  An adder (D:2)
  A worm (D:2)
  3 dart slugs
  6 endoplasms
  2 giant cockroaches
  4 goblins
  4 hobgoblins
  10 jackals (D:1)
  A quokka (D:1)
  9 ball pythons
  4 bats (D:1)
  2 frilled lizards (D:1)
  4 kobolds
  6 rats
57 creatures vanquished.

Vanquished Creatures (others)
  A frilled lizard (D:3)
1 creature vanquished.

Grand Total: 58 creatures vanquished

Notes
Turn   | Place    | Note
-------+----------+-------------------------------------------
     0 | D:1      | pikapanic the Palentonga Fighter began the quest for the
                  | Orb.
     0 | D:1      | Reached XP level 1. HP: 19/19 MP: 1/1
     0 | D:1      | Found a faded altar of an unknown god.
    75 | D:1      | Reached XP level 2. HP: 17/25 MP: 2/2
   764 | D:1      | Reached XP level 3. HP: 5/31 MP: 3/3
  1662 | D:2      | Reached XP level 4. HP: 37/37 MP: 4/4
  1943 | D:2      | Found a glowing silver altar of Zin.
  1953 | D:2      | Became a worshipper of Zin the Law-Giver
  1953 | D:2      | Reached * piety under Zin
  2145 | D:3      | Noticed a steam dragon
  2157 | D:3      | HP: 1/38 [steam dragon (2)]
  2159 | D:3      | Slain by a steam dragon

Illustrated notes

Levels and vault maps discovered:
D:1:      ebering_hopf_link, layout_basic, basic_ecumenical_altar
D:2:      layout_loops_ring, basic_altar
D:3:      layout_loops_ring, mainiacjoe_overflow_surrounded_room, uniq_robin

Skill      XL: |  1  2  3 |
---------------+----------+-----
Long Blades    | 3 |  3.4
Fighting       | |  3.6
Armour         | |  2.6
Shields        | |  2.7

Action                   |  1- 3 |  4- 6 || total
-------------------------+-------+-------++-------
Melee: Long sword        |   101 |    28 ||   129
       Tailslap          |     8 |       ||     8
 Abil: Rolling Charge    |    34 |     9 ||    43
  Use: Scroll            |     4 |       ||     4
Armor: Scale mail        |    42 |       ||    42
       Chain mail        |     3 |    14 ||    17
Dodge: Dodged            |    22 |     3 ||    25
Block: Kite shield       |    36 |    11 ||    47
       Rpst.: Long sword |     8 |       ||     8
